 Dungeon Crawl Stone Soup version 0.27-a0-1140-g099f9bb0e8 (webtiles) character file.

Game seed: 9684791478868702553

9231 leviel the Severer (level 11, -4/105 HPs)
             Began as a Minotaur Fighter on May 8, 2021.
             Was a High Priest of Okawaru.
             Slain by an eight-headed hydra (5 damage)
             ... on level 1 of the Lair of Beasts.
             The game lasted 00:16:50 (12599 turns).

leviel the Severer (Minotaur Fighter)              Turns: 12599, Time: 00:16:50

Health: -4/105     AC: 13    Str: 26    XL:     11   Next: 20%
Magic:  10/10      EV:  8    Int: 10    God:    Okawaru [*****.]
Gold:   1635       SH: 15    Dex: 10    Spells: 10/10 levels left

rFire    + + .     SeeInvis .   a - +1 war axe
rCold    . . .     Faith    .   t - +0 kite shield "Kizeon" {rF+ Regen+}
rNeg     . . .     Spirit   .   h - +1 plate armour
rPois    .         Reflect  +   (helmet restricted)
rElec    .         Harm     .   (no cloak)
rCorr    +         Rampage  .   (no gloves)
Will     .....                  o - +0 pair of boots
Stlth    ..........             B - amulet "Liuczog" {Reflect Str+4 SH+5}
HPRegen  1.27/turn              f - ring of resist corrosion
MPRegen  0.12/turn              C - ring "Erphetorch" {rF+ EV+4 Str-2 Int+5}

@: mighty, about to teleport
A: horns 2, retaliatory headbutt
a: Renounce Religion, Heroism, Finesse


You were on level 1 of the Lair of Beasts.
You worshipped Okawaru.
Okawaru was extremely pleased with you.
You visited 3 branches of the dungeon, and saw 11 of its levels.
You also visited: Sewer and Bailey.

You collected 1635 gold pieces.

Inventory:

Hand Weapons
 a - a +1 war axe (weapon)
Missiles
 n - 7 curare-tipped darts (quivered)
Armour
 h - a +1 plate armour (worn)
 o - a +0 pair of boots (worn)
 t - the +0 kite shield "Kizeon" (worn) {rF+ Regen+}
   (Okawaru gifted it to you on level 1 of the Lair of Beasts)

   It protects you from fire.
   It increases your rate of health regeneration.
Jewellery
 f - a ring of resist corrosion (left hand)
 i - an amulet of the acrobat
 v - a ring of positive energy
 B - the amulet "Liuczog" (around neck) {Reflect Str+4 SH+5}
   (You acquired it on level 9 of the Dungeon)

   [amulet of reflection]

   It reflects blocked missile attacks.
   It affects your strength (+4).
   It affects your SH (+5).
 C - the ring "Erphetorch" (right hand) {rF+ EV+4 Str-2 Int+5}
   (You found it in a bailey)

   [ring of evasion]

   It affects your evasion (+4).
   It affects your strength (-2).
   It affects your intelligence (+5).
   It protects you from fire.
 D - a ring of flight
Wands
 b - a wand of flame (28)
 c - a wand of charming (9)
 q - a wand of acid (16)
 y - a wand of paralysis (16)
Scrolls
 e - 3 scrolls of teleportation
 p - 2 scrolls of summoning
 r - a scroll of identify
 u - 2 scrolls of amnesia
 x - 2 scrolls of fog
Potions
 g - 5 potions of flight
 j - 2 potions of magic {unknown}
 k - 11 potions of curing
 l - a potion of brilliance {unknown}
 m - 3 potions of heal wounds
 s - 2 potions of mutation {unknown}
 w - 3 potions of resistance {unknown}
 z - 2 potions of lignification {unknown}
 A - a potion of attraction {unknown}


   Skills:
 + Level 12.6 Fighting
 - Level 16.0 Axes
 - Level 3.6 Armour
 - Level 3.6 Shields


You had 10 spell levels left.
You didn't know any spells.
Your spell library contained the following spells:

 Spells                   Type           Power      Damage    Failure   Level
 Foxfire                  Conj/Fire      0%         2x1d4     100%        1
 Freeze                   Ice            0%         1d3       100%        1
 Sting                    Tmut/Pois      0%         1d3       100%        1
 Poisonous Vapours        Pois/Air       0%         N/A       100%        2
 Conjure Flame            Conj/Fire      0%         6-21      100%        3
 Frozen Ramparts          Ice            0%         1d2       100%        3
 Ignite Poison            Fire/Tmut/Pois 0%         N/A       100%        3
 Inner Flame              Hex/Fire       0%         N/A       100%        3
 Mephitic Cloud           Conj/Pois/Air  0%         N/A       100%        3
 Ozocubu's Armour         Ice            0%         N/A       100%        3
 Hailstorm                Conj/Ice       0%         3d3       100%        4
 Olgreb's Toxic Radiance  Pois           0%         N/A       100%        4
 Sticky Flame             Conj/Fire      0%         2d3       100%        4
 Fireball                 Conj/Fire      0%         3d3       100%        5
 Metabolic Englaciation   Hex/Ice        0%         N/A       100%        5


Dungeon Overview and Level Annotations

Branches:
Dungeon (9/15)             Temple (1/1) D:6            Lair (1/6) D:9
  Sewer (visited)          Bailey (visited)
    Orc: D:9-12

Altars:
Ashenzari
Cheibriados
Dithmenos
Fedhas
Gozag
Hepliaklqana
Kikubaaqudgha
Makhleb
Okawaru
Qazlal
Ru
Trog
Uskayaw
Vehumet
Wu Jian
Xom
Yredelemnul
The Shining One

Shops:
D:8 [


Innate Abilities, Weirdness & Mutations

You have a pair of horns on your head.
You reflexively headbutt those who attack you in melee.


Message History

You block the seven-headed hydra's attack.
The seven-headed hydra bites you but does no damage.
You block the seven-headed hydra's attack.
The seven-headed hydra bites you but does no damage. x2
The seven-headed hydra bites you!
The seven-headed hydra barely misses you.
You lop one of the seven-headed hydra's heads off!
The six-headed hydra grows two more!
You slice the eight-headed hydra!!
The eight-headed hydra is severely wounded.
You block the eight-headed hydra's attack.
The eight-headed hydra bites you but does no damage.
You block the eight-headed hydra's attack.
The eight-headed hydra bites you.
The eight-headed hydra closely misses you.
The eight-headed hydra bites you. The eight-headed hydra bites you!
* * * LOW HITPOINT WARNING * * *
The eight-headed hydra bites you.
* * * LOW HITPOINT WARNING * * *
You barely miss the eight-headed hydra. You headbutt the eight-headed hydra!
The eight-headed hydra is almost dead.
The eight-headed hydra bites you!
* * * LOW HITPOINT WARNING * * *
You block the eight-headed hydra's attack. x2
The eight-headed hydra bites you.
* * * LOW HITPOINT WARNING * * *
The eight-headed hydra bites you but does no damage.
The eight-headed hydra barely misses you.
You block the eight-headed hydra's attack.
The eight-headed hydra bites you but does no damage.
As you read the scroll of teleportation, it crumbles to dust.
You feel strangely unstable.
The eight-headed hydra bites you but does no damage.
You block the eight-headed hydra's attack.
The eight-headed hydra bites you.
* * * LOW HITPOINT WARNING * * *
The eight-headed hydra bites you!
* * * LOW HITPOINT WARNING * * *
You block the eight-headed hydra's attack.
The eight-headed hydra bites you.
You die...

#........†.......#
##.......†.......#
##.##.#######....# ###8.8#.#
#....# #.......# #....## #......
#.#8.8#.# #####....P##.#........
#.##.######.....................
#.##.# #.....#.##.#...........
#....# ###.....@##.............
#.##.####.#....##D.##...........
# #.......###.##>.##...........
#...(....# #..÷##......†......
##.......# ###[##.#....#.##
#.......## #.#......##
#........# #.<......##
#.......## #.........#
#P.......# ##........##


You could see an eight-headed hydra.

Vanquished Creatures
  An orc warlord (Bailey)
  A two-headed ogre (D:9)
  An orc knight (Bailey)
  A cane toad (Lair:1)
  2 komodo dragons (Lair:1)
  A troll (D:9)
  Sigmund (D:6)
  5 yaks (D:8)
  A wyvern (D:9)
  Eustachio (D:5)
  A basilisk (Lair:1)
  3 steam dragons
  2 water moccasins
  4 orc warriors
  2 black bears
  4 ice beasts
  A necrophage (D:5)
  2 wolves (D:9)
  3 ogres
  2 phantoms
  A centaur (D:9)
  3 kobold brigands
  Blork the orc (D:6)
  2 bullfrogs (D:7)
  A wyvern zombie (D:7)
  3 scorpions
  A wyvern skeleton (D:6)
  6 killer bees
  A howler monkey (D:7)
  2 electric eels (D:9)
  2 centaur zombies
  A crimson imp (D:8)
  2 jellies
  A bullfrog zombie (D:7)
  8 hounds
  5 orc priests
  2 bullfrog skeletons
  2 centaur skeletons (D:7)
  3 iguanas
  8 orc wizards
  2 killer bee zombies
  2 hound skeletons (D:4)
  A howler monkey zombie (D:8)
  6 gnolls
  A howler monkey skeleton (D:7)
  10 adders
  4 river rats (Sewer)
  4 white imps
  2 ufetubi
  An adder skeleton (D:4)
  2 worms
  A dart slug (D:3)
  25 orcs
  7 bats
  3 endoplasms
  3 giant cockroaches
  10 goblins
  3 hobgoblins
  2 jackals (D:3)
  33 kobolds
  4 quokkas
  7 ball pythons
  3 frilled lizards
  24 rats
254 creatures vanquished.

Vanquished Creatures (collateral kills)
  A hound (D:9)
  A killer bee zombie (D:9)
2 creatures vanquished.

Grand Total: 256 creatures vanquished

Notes
Turn   | Place    | Note
-------+----------+-------------------------------------------
     0 | D:1      | leviel the Minotaur Fighter began the quest for the Orb.
     0 | D:1      | Reached XP level 1. HP: 19/19 MP: 0/0
   152 | D:1      | Reached skill level 3 in Axes
   175 | D:1      | Reached XP level 2. HP: 26/26 MP: 1/1
   609 | D:2      | Reached skill level 4 in Axes
   967 | D:2      | Reached XP level 3. HP: 31/31 MP: 2/2
  1181 | D:3      | Found a glowing drain.
  1206 | D:3      | Reached skill level 5 in Axes
  1218 | D:3      | Reached XP level 4. HP: 15/39 MP: 1/3
  1322 | Sewer    | Entered a sewer
  1650 | Sewer    | Reached skill level 6 in Axes
  1666 | Sewer    | Reached XP level 5. HP: 21/45 MP: 1/4
  2197 | D:3      | Found an ancient bone altar of Kikubaaqudgha.
  2313 | D:3      | Reached skill level 7 in Axes
  2739 | D:3      | Found a faded altar of an unknown god.
  2840 | D:3      | Found a glowing golden altar of the Shining One.
  3163 | D:4      | Reached XP level 6. HP: 48/51 MP: 5/5
  3201 | D:4      | Found an ornate altar of the Wu Jian Council.
  3274 | D:4      | Reached skill level 8 in Axes
  3829 | D:5      | Entered Level 5 of the Dungeon
  3840 | D:5      | Reached skill level 9 in Axes
  3989 | D:5      | Reached XP level 7. HP: 54/57 MP: 4/6
  4445 | D:5      | Reached skill level 10 in Axes
  4650 | D:5      | Noticed Eustachio
  4664 | D:5      | Killed Eustachio
  4665 | D:5      | Reached skill level 11 in Axes
  4745 | D:5      | Found an iron altar of Okawaru.
  4781 | D:5      | Reached XP level 8. HP: 64/64 MP: 7/7
  5039 | D:5      | Became a worshipper of Warmaster Okawaru
  5128 | D:5      | Found a snail-covered altar of Cheibriados.
  5634 | D:6      | Found a staircase to the Ecumenical Temple.
  5905 | D:6      | Noticed Sigmund
  5912 | D:6      | Killed Sigmund
  5913 | D:6      | Reached skill level 12 in Axes
  6318 | Temple   | Entered the Ecumenical Temple
  6637 | D:6      | Reached skill level 13 in Axes
  6883 | D:6      | Noticed Blork the orc
  6892 | D:6      | Killed Blork the orc
  7378 | D:7      | Reached * piety under Okawaru
  7379 | D:7      | Reached XP level 9. HP: 63/70 MP: 8/8
  7710 | D:7      | Reached skill level 14 in Axes
  8392 | D:7      | Reached skill level 15 in Axes
  8682 | D:8      | Found a shadowy altar of Dithmenos.
  8894 | D:8      | Reached ** piety under Okawaru
  8926 | D:8      | Reached skill level 16 in Axes
  8932 | D:8      | Reached XP level 10. HP: 22/80 MP: 2/9
  9411 | D:8      | Found Cheibriados's Comfort Zone.
  9412 | D:8      | Found a snail-covered altar of Cheibriados.
  9417 | D:8      | Reached skill level 5 in Fighting
  9542 | D:8      | Reached *** piety under Okawaru
  9558 | D:8      | Found a shimmering altar of Xom.
  9559 | D:8      | Found a burning altar of Makhleb.
  9595 | D:9      | Found a staircase to the Lair.
  9632 | D:9      | Found a flagged portal.
  9681 | Bailey   | Entered a bailey
  9735 | Bailey   | Noticed an orc warlord
  9967 | Bailey   | Noticed an orc knight
  9999 | Bailey   | Killed an orc knight
  9999 | Bailey   | Reached **** piety under Okawaru
 10246 | Bailey   | Found a runed translucent gate.
 10255 | Bailey   | Found a runed translucent gate.
 10359 | Bailey   | Found a runed translucent gate.
 10461 | Bailey   | Killed an orc warlord
 10462 | Bailey   | Reached skill level 10 in Fighting
 10854 | Bailey   | Identified the ring "Erphetorch" {rF+ EV+4 Str-2 Int+5}
 10997 | D:9      | Identified 2 scrolls of acquirement
 10997 | D:9      | Acquired the amulet "Liuczog" {Reflect Str+4 SH+5}
 11012 | D:9      | Acquired 1051 gold pieces
 11072 | D:9      | Noticed a two-headed ogre
 11085 | D:9      | Killed a two-headed ogre
 11085 | D:9      | Reached ***** piety under Okawaru
 11294 | D:9      | Found a sacrificial altar of Ru.
 11427 | D:9      | Identified the +10 dagger of Weak Cruel Justice {antimagic,
                  | rPois rCorr}
 11436 | D:9      | Reached XP level 11. HP: 90/102 MP: 10/10
 11942 | Lair:1   | Entered Level 1 of the Lair of Beasts
 12301 | Lair:1   | Identified the +0 kite shield "Kizeon" {rF+ Regen+}
                  | (Okawaru gifted it to you on level 1 of the Lair of Beasts)
 12301 | Lair:1   | Received a gift from Okawaru
 12579 | Lair:1   | Noticed a five-headed hydra
 12599 | Lair:1   | HP: 1/105 [eight-headed hydra (10)]
 12599 | Lair:1   | Slain by an eight-headed hydra

Illustrated notes

Levels and vault maps discovered:
D:1:      wander_arrival_fairy_ring, layout_basic, lemuel_old_faithful
D:2:      layout_rooms
D:3:      layout_basic, lemuel_tele_altar, tso_metal_star,
          gup_sewer_entry_glass, hellmonk_ecumenical_altar_run_dry
D:4:      layout_cave_pools, old_standard_altar
D:5:      layout_layer_cave, okawaru_trees_1, marbit_many_paths, uniq_eustachio
D:6:      layout_loops_ring, minmay_temple_entry_statues, uniq_blork_the_orc,
          uniq_sigmund
D:7:      layout_rooms, hangedman_abyss_or_decor_passed, kennysheep_minor_cross,
          minmay_alternating_orb
D:8:      layout_rooms, grunt_temple_overflow_champion_of_chaos,
          grunt_dithmenos_shadows, gammafunk_temple_overflow_claw,
          minmay_shop_chei
D:9:      layout_loops_ring, hangedman_ru_absence, erik_lair_island,
          enter_bailey_3, kennysheep_potato
Temple:   jpeg_temple_island
Lair:1:   layout_cellular_growth, minmay_lair_oklob_items,
          small_statue_intersection, st_stairs_7

Skill      XL: |  1  2  3  4  5  6  7  8  9 10 11 |
---------------+----------------------------------+-----
Axes           | 3 4 5 6 7 9 11 13 16 | 16.0
Fighting       | 4 11 12 | 12.6
Armour         | |  3.6
Shields        | |  3.6

Action                   |  1- 3 |  4- 6 |  7- 9 | 10-12 || total
-------------------------+-------+-------+-------+-------++-------
Melee: War axe           |    73 |   172 |   318 |   207 ||   770
       Headbutt          |     9 |    31 |    58 |    49 ||   147
Throw: Dart              |       |       |       |     1 ||     1
Evoke: Wand              |       |       |       |     2 ||     2
  Use: Scroll            |       |     4 |     6 |    10 ||    20
       Potion            |       |       |     5 |     5 ||    10
 Stab: Invisible         |       |       |       |     2 ||     2
Armor: Scale mail        |     6 |       |       |       ||     6
       Plate armour      |    29 |   117 |   180 |    74 ||   400
Dodge: Dodged            |    12 |    37 |    57 |    38 ||   144
Block: Kite shield       |    41 |   116 |   143 |   119 ||   419

Table legend: (Time is in decaauts)
 A = Elapsed time spent in this place.
 B = Non-inter-level travel time spent in this place.
 C = Inter-level travel time spent in this place.
 D = Time resting spent in this place.
 E = Time spent auto-exploring this place.
 F = Levels seen in this place.
 G = Mean time per level.
                   A        B        C        D        E       F      G
               +--------+--------+--------+--------+--------+-----+--------+
         Total |  12754 |  12480 |    274 |   3294 |   7379 |  13 |  981.1 |
       Dungeon |   9724 |   9476 |    248 |   1813 |   6365 |   9 | 1080.4 |
        Temple |    252 |    227 |     25 |      0 |    226 |   1 |  252.0 |
          Lair |    623 |    623 |      0 |    466 |     86 |   1 |  623.0 |
         Sewer |    880 |    880 |      0 |     33 |    651 |   1 |  880.0 |
        Bailey |   1273 |   1273 |      0 |    982 |     50 |   1 | 1273.0 |
               +--------+--------+--------+--------+--------+-----+--------+

Top non-repeatable levels by time:
     D:5: 1789 daAuts
     D:7: 1565 daAuts
  Bailey: 1273 daAuts
     D:6: 1251 daAuts
     D:9: 1102 daAuts
     D:3: 1060 daAuts
     D:8: 954 daAuts
   Sewer: 880 daAuts
     D:4: 790 daAuts
     D:2: 652 daAuts
  Lair:1: 623 daAuts
     D:1: 557 daAuts
  Temple: 252 daAuts
